 Dungeon Crawl Stone Soup version 0.31-a0-521-gc7390f8997 (webtiles) character file.

Game seed: 6120851190740947330

8077 MisterAzrael the Fighter (level 11, 0/87 HPs)
             Began as a Djinni Ice Elementalist on Aug 10, 2023.
             Was an Elder of Zin.
             Slain by an orc warrior
             ... wielding a +1 halberd of protection
             ... led by an orc warlord
              (13 damage)
             ... on level 1 of the Orcish Mines.
             The game lasted 00:23:36 (8568 turns).

MisterAzrael the Fighter (Djinni Ice Elementalist)  Turns: 8568, Time: 00:23:36

Health: 0/87       AC: 20    Str:  7    XL:     11   Next: 49%
Gold:   264        EV: 12    Int: 26    God:    Zin [****..] SH:  0 Dex: 15

rFire   + + +        q - staff of conjuration
rCold   x . .        (no shield)
rNeg    + . .        G - +0 steam dragon scales
rPois   ∞            f - +1 hat
rElec   +            (no cloak)
rCorr   .            v - +4 pair of gloves of the Zebrataur {rElec rF+ rN+ Slay+2}
SInv    +            (boots unavailable)
Will    +....        l - amulet of regeneration
Stlth   ++           J - +6 ring of intelligence
HPRegen 1.14/turn    E - ring of see invisible
MPRegen 0.00/turn

%: infuse magic (-1 HP)
@: ice-armoured, on recite cooldown, freezing walls, attractive, flying
A: sickness immunity, fire resistance 2, cold vulnerability 1, float, innate
caster, HP casting, extra vitality 1
a: Renounce Religion, Recite, Vitalisation, Imprison, Donate Gold


You were on level 1 of the Orcish Mines.
You worshipped Zin.
Zin was greatly pleased with you.
You visited 3 branches of the dungeon, and saw 11 of its levels.

You collected 559 gold pieces.
You spent 266 gold pieces at shops.
You donated 29 gold pieces to Zin.

Inventory:

Hand Weapons
 L - a +0 orcbow of freezing
Armour
 a - a +0 robe
 f - a +1 hat (worn)
 v - the +4 pair of gloves of the Zebrataur (worn) {rElec rF+ rN+ Slay+2}
   (You bought it in a shop on level 2 of the Dungeon)

   Slay+2:    It affects your accuracy & damage with ranged weapons and melee
   (+2).
   rF+:       It protects you from fire.
   rElec:     It insulates you from electricity.
   rN+:       It protects you from negative energy.
 G - +0 steam dragon scales (worn)
Magical Staves
 q - a staff of conjuration (weapon)
Jewellery
 b - a ring of willpower
 l - an amulet of regeneration (around neck)
 o - a ring of magical power
 E - a ring of see invisible (right hand)
 H - an amulet of faith
 J - a +6 ring of intelligence (left hand)
Talismans
 u - a serpent talisman
Wands
 B - a wand of roots (8)
 C - a wand of flame (12)
 K - a wand of charming (20)
Scrolls
 d - 2 scrolls of enchant weapon {unknown}
 g - a scroll of amnesia {unknown}
 j - a scroll of butterflies {unknown}
 k - a scroll of revelation {unknown}
 n - 7 scrolls of identify {unknown}
 p - a scroll of fog {unknown}
 r - 4 scrolls of teleportation {unknown}
 s - 2 scrolls of noise {unknown}
 t - 2 scrolls of immolation {unknown}
 y - 2 scrolls of brand weapon {unknown}
 z - 2 scrolls of vulnerability {unknown}
 A - 2 scrolls of fear {unknown}
 D - a scroll of blinking {unknown}
 I - a scroll of torment {unknown}
Potions
 c - a potion of berserk rage {unknown}
 e - 4 potions of curing
 h - a potion of invisibility {unknown}
 i - 2 potions of attraction
 m - a potion of ambrosia {unknown}
 w - 3 potions of lignification {unknown}
 x - a potion of degeneration {unknown}
 F - a potion of heal wounds {unknown}


   Skills:
 * Level 11.1 Fighting
 - Level 2.1 Dodging
 - Level 1.5 Stealth
 * Level 8.8 Spellcasting
 * Level 8.8 Conjurations
 * Level 8.8 Hexes
   Level 0.0 Charms
 * Level 8.8 Summonings
 * Level 8.8 Necromancy
 * Level 8.8 Translocations
 * Level 8.8 Transmutations
 * Level 8.8 Fire Magic
 * Level 8.8 Ice Magic
 * Level 8.8 Air Magic
 * Level 8.8 Earth Magic
 * Level 8.8 Poison Magic
 + Level 7.4 Invocations


You knew the following spells:

 Your Spells              Type           Power      Damage    Failure   Level
a - Freeze                Ice            100%       1d10      1%          1
b - Frozen Ramparts       Ice            100%       1d16      1%          3
c - Ozocubu's Armour      Ice            55%        N/A       1%          3
d - Summon Ice Beast      Ice/Summ       55%        N/A       1%          4
e - Shock                 Conj/Air       100%       1d9       1%          1
f - Poisonous Vapours     Pois/Air       100%       N/A       1%          2
g - Momentum Strike       Conj/Tloc      100%       3d10      1%          2
h - Summon Guardian Gole  Hex/Summ       55%        N/A       1%          3
i - Metabolic Englaciati  Hex/Ice        27%        N/A       3%          5
Your spell library was empty.

Dungeon Overview and Level Annotations

Branches:
Dungeon (9/15)             Temple (1/1) D:5            Lair (0/5) D:9
    Orc (1/2) D:9

Altars:
Ashenzari
Cheibriados
Dithmenos
Elyvilon
Fedhas
Gozag
Hepliaklqana
Makhleb
Nemelex Xobeh
Okawaru
Qazlal
Ru
Trog
Uskayaw
Wu Jian
Xom
Yredelemnul
Zin
The Shining One

Shops:
D:2 [   D:7 (:(

Annotations:
D:7 1 runed translucent door, ytrimaz's ghost, novice TrSh
D:8 3 runed translucent doors, jlumianski's ghost, novice DjFE


Innate Abilities, Weirdness & Mutations

You are immune to sickness and miasma.
You are immune to poison.
Your flesh is very heat resistant. (rF++)
You are vulnerable to cold. (rC-)
You float through the air rather than walking.
You learn spells naturally, not from books.
Your magical power is your life essence.
You have superior vitality. (+4 MHP)


Message History

You kill the orc!
The wall freezes the gnoll bouda.
The gnoll bouda barely misses you.
Casting: Frozen Ramparts (safe; 1% risk of failure)
Confirm with . or Enter, or press ? or * to list all spells.
A film of ice covers your body!
The orc warlord is no longer moving slowly.
An orc warrior comes into view. It is wielding a +0 hand axe.
An orc comes into view. It is wielding a +0 dagger.
The wall freezes the gnoll!!
You kill the gnoll!
The gnoll closely misses you.
The wall freezes the gnoll bouda!!
You kill the gnoll bouda!
The gnoll is no longer moving quickly.
The orc no longer looks unusually strong.
The orc warrior no longer looks unusually strong.
The gnoll closely misses you.
An orc comes into view. It is wielding a +0 hand axe.
The orc priest looks satisfied for a moment.
The orc warrior no longer looks unusually strong.
The orc warrior closely misses you.
The wall freezes the orc warlord!
The orc warlord roars a battlecry!
The orcs go into a battle-frenzy!
The gnoll misses you.
The wall freezes the orc warlord but does no damage.
The orc warlord hits you with a +0 battleaxe!
The orc warrior is no longer moving slowly.
The orc warrior barely misses you.
The gnoll hits you from afar with a +0 halberd!
* * * LOW HITPOINT WARNING * * *
The wall freezes the orc warlord!
The orc warlord hits you but does no damage.
The orc priest mumbles some strange prayers to Beogh against you.
Beogh smites you!
* * * LOW HITPOINT WARNING * * *
The wall freezes the orc!
You kill the orc!
It was a potion of attraction.
You feel attractive to monsters.
The orc warrior hits you from afar with a +1 halberd of protection!
You die...

#... .... ##
.#.#
.##.##..$
.#....#..#
.......o.#
......o.o##
..$..oogo@#
.......oo)#
.....#.o))#
.....)><)##
........#.#
...........#
.........h##
.........##
.#.#......


You could see an orc warlord, 3 orc warriors, an orc priest (strong), a gnoll
(slow) and 4 orcs.

Vanquished Creatures
  Jeremiah (D:7)
  2 trolls
  Prince Ribbit (D:7)
  4 yaks
  3 steam dragons
  A warg (Orc:1)
  An acid dragon (D:9)
  4 water moccasins
  4 orc warriors
  2 black bears
  2 ogres
  4 centaurs
  A phantom (D:5)
  A kobold brigand (D:8)
  6 bullfrogs
  A gnoll sergeant (D:8)
  4 scorpions
  4 wights (D:9)
  A killer bee (D:7)
  4 electric eels
  3 howler monkeys
  3 jellies
  4 hounds
  3 orc priests
  A gnoll bouda (Orc:1)
  3 iron imps (D:6)
  5 iguanas
  A sleepcap (D:4)
  8 orc wizards
  15 adders
  11 gnolls
  3 white imps
  A worm (D:2)
  2 dart slugs (D:1)
  41 orcs
  2 bats
  5 endoplasms
  5 giant cockroaches
  2 goblins
  11 hobgoblins
  6 jackals
  4 ball pythons
  2 frilled lizards
  11 kobolds
  4 rats
207 creatures vanquished.

Vanquished Creatures (collateral kills)
  A komodo dragon (D:9)
  Maggie (D:8)
  A wyvern (D:9)
  3 yaks (D:7)
  A steam dragon (D:7)
  Menkaure (D:7)
  A water moccasin (D:9)
  A gnoll sergeant (D:9)
  4 killer bees (D:7)
  2 howler monkeys (D:7)
  2 jellies (D:7)
  An orc priest (D:8)
  An orc wizard (D:8)
  A gnoll (D:9)
21 creatures vanquished.

Grand Total: 228 creatures vanquished

Notes
Turn   | Place    | Note
-------+----------+-------------------------------------------
     0 | D:1      | MisterAzrael the Djinni Ice Elementalist began the quest
                  | for the Orb.
     0 | D:1      | MisterAzrael set off with the following spells memorised:
                  | Freeze, Frozen Ramparts, Ozocubu's Armour, Summon Ice
                  | Beast.
     0 | D:1      | Reached XP level 1. HP: 15/15 MP: 0/0
    90 | D:1      | Found a faded altar of an unknown god.
   113 | D:1      | Prayed at the altar of an unknown god.
   113 | D:1      | Became a worshipper of Elyvilon the Healer
   113 | D:1      | Reached * piety under Elyvilon
   156 | D:1      | Reached XP level 2. HP: 16/22 MP: 0/0
   159 | D:1      | Reached skill level 1 in Fighting
   791 | D:2      | Reached XP level 3. HP: 23/27 MP: 0/0
   791 | D:2      | Learned a level 1 spell: Shock
   982 | D:2      | Reached ** piety under Elyvilon
  1081 | D:2      | Found Faky's Antique Armour Shop.
  1292 | D:2      | Reached skill level 2 in Fighting
  1626 | D:3      | Reached XP level 4. HP: 33/33 MP: 0/0
  1639 | D:3      | Reached skill level 1 in Invocations
  1714 | D:3      | Reached *** piety under Elyvilon
  1924 | D:3      | Reached XP level 5. HP: 39/39 MP: 0/0
  1924 | D:3      | Learned a level 2 spell: Poisonous Vapours
  2296 | D:4      | Reached skill level 3 in Fighting
  2310 | D:4      | Reached **** piety under Elyvilon
  2321 | D:4      | Reached XP level 6. HP: 46/46 MP: 0/0
  2362 | D:4      | Found an ornate altar of the Wu Jian Council.
  2702 | D:2      | Bought a pair of twisted gloves for 266 gold pieces
  2702 | D:2      | Identified the +4 pair of gloves of the Zebrataur {rElec
                  | rF+ rN+ Slay+2} (You bought it in a shop on level 2 of the
                  | Dungeon)
  3002 | D:4      | Reached skill level 4 in Fighting
  3113 | D:5      | Entered Level 5 of the Dungeon
  3129 | D:5      | Reached XP level 7. HP: 52/52 MP: 0/0
  3129 | D:5      | Learned a level 2 spell: Momentum Strike
  3155 | D:5      | Found a staircase to the Ecumenical Temple.
  3235 | D:5      | Reached skill level 5 in Spellcasting
  3235 | D:5      | Reached skill level 5 in Conjurations
  3235 | D:5      | Reached skill level 5 in Hexes
  3235 | D:5      | Reached skill level 5 in Summonings
  3235 | D:5      | Reached skill level 5 in Necromancy
  3235 | D:5      | Reached skill level 5 in Translocations
  3235 | D:5      | Reached skill level 5 in Transmutations
  3235 | D:5      | Reached skill level 5 in Fire Magic
  3235 | D:5      | Reached skill level 5 in Ice Magic
  3235 | D:5      | Reached skill level 5 in Air Magic
  3235 | D:5      | Reached skill level 5 in Earth Magic
  3235 | D:5      | Reached skill level 5 in Poison Magic
  3274 | D:5      | Reached skill level 5 in Fighting
  3310 | D:5      | Reached XP level 8. HP: 59/59 MP: 0/0
  4039 | D:6      | Reached skill level 6 in Fighting
  4103 | D:6      | Reached ***** piety under Elyvilon
  4111 | D:6      | Found an iron altar of Okawaru.
  4112 | D:6      | Found a hide-covered altar of Uskayaw.
  4179 | D:6      | Found a basalt altar of Yredelemnul.
  4252 | D:6      | Reached XP level 9. HP: 59/67 MP: 0/0
  4252 | D:6      | Learned a level 3 spell: Summon Guardian Golem
  4322 | D:6      | Found a glowing golden altar of the Shining One.
  4764 | D:6      | Found a burning altar of Makhleb.
  4802 | D:6      | Reached skill level 7 in Fighting
  5047 | D:7      | Found a runed translucent door.
  5050 | D:7      | Noticed ytrimaz's ghost (novice TrSh)
  5102 | D:7      | Found Asomau's Weapon Shop.
  5150 | D:7      | Found Hunyfom's Book Shop.
  5188 | D:7      | Found Babbapn's Weapon Boutique.
  5329 | D:7      | Noticed Menkaure
  5346 | D:7      | Killed Menkaure
  5379 | D:7      | Reached skill level 5 in Invocations
  5491 | D:7      | Reached skill level 8 in Fighting
  5591 | Temple   | Entered the Ecumenical Temple
  5608 | Temple   | Fell from the grace of Elyvilon
  5608 | Temple   | Became a worshipper of Zin the Law-Giver
  5608 | Temple   | Reached * piety under Zin
  5608 | Temple   | Reached ** piety under Zin
  5608 | Temple   | Reached *** piety under Zin
  5820 | D:7      | Reached XP level 10. HP: 69/77 MP: 0/0
  5937 | D:7      | Reached skill level 9 in Fighting
  6027 | D:7      | Found a white marble altar of Elyvilon.
  6173 | D:7      | Noticed Prince Ribbit
  6174 | D:7      | Noticed Jeremiah
  6215 | D:7      | Killed Prince Ribbit
  6247 | D:7      | HP: 3/78 [Jeremiah/divine providence (12)]
  6256 | D:7      | Killed Jeremiah
  6650 | D:8      | Noticed Maggie
  6666 | D:8      | Killed Maggie
  6880 | D:8      | Reached skill level 10 in Fighting
  7263 | D:8      | Reached XP level 11. HP: 79/85 MP: 0/0
  7263 | D:8      | Learned a level 5 spell: Metabolic Englaciation
  7292 | D:8      | Found a runed translucent gate.
  7292 | D:8      | Found a runed translucent gate.
  7293 | D:8      | Found a runed translucent gate.
  7293 | D:8      | Noticed a ten-headed hydra
  7293 | D:8      | Noticed jlumianski's ghost (novice DjFE)
  8174 | D:9      | Reached **** piety under Zin
  8191 | D:9      | Identified the +4 scale mail of Batoz {rF+}
  8192 | D:9      | Found a staircase to the Orcish Mines.
  8443 | D:9      | Reached skill level 11 in Fighting
  8464 | D:9      | Found a staircase to the Lair.
  8537 | Orc:1    | Entered Level 1 of the Orcish Mines
  8551 | Orc:1    | Noticed an orc warlord
  8568 | Orc:1    | Slain by an orc warrior

Illustrated notes

Levels and vault maps discovered:
D:1:      scummos_arrival_simple_crosswalls, layout_rooms,
          ebering_ecumenical_altar_box, grunt_decor_arrowhead
D:2:      layout_basic, serial_shops, shop
D:3:      layout_basic, hangedman_decor_points, kennysheep_generic_room_10
D:4:      layout_gridville, jmf_multi_god_temple, portal_sewer_entry_d,
          minivault_25, minmay_misc_feat_ornament
D:5:      layout_gridville, lemuel_temple_firewalk_b, grunt_decor_junction
D:6:      layout_basic, amcnicky_altar_gilded, mainiacjoe_overflow_paths,
          demons_altar, nicolae_overflow_squiral
D:7:      cheibrodos_steamvent, layout_basic, mainiacjoe_overflow_boulevard,
          lemuel_doored_altar, serial_rivers, chequers_serial_rivers_small_b,
          chequers_serial_rivers_room_b, chequers_serial_rivers_room_b,
          chequers_serial_rivers_small_3, serial_shops,
          nicolae_shop_real_fake_doors, nicolae_shop_scrapyard,
          ebering_ghost_reflecting_pool, minmay_curled_crystal,
          kennysheep_windowed_goal, uniq_menkaure, uniq_prince_ribbit1,
          uniq_jeremiah
D:8:      layout_layer_cave, gammafunk_ghost_hydra_chop, uniq_maggie
D:9:      layout_loops_ring, due_lair_maze_entry_diamond, david_orc_2,
          serial_shops, shop, shop, nicolae_shop_statue_plus,
          chequers_big_river, uniq_joseph
Temple:   nicolae_temple_god_jail
Orc:1:    layout_caves, serial_shops, shop, basic_altar, uniq_urug

Skill      XL: |  1  2  3  4  5  6  7  8  9 10 11 |
---------------+----------------------------------+-----
Fighting       | 1 2 3 4 5 6 8 10 11 | 11.1
Invocations    | 1 2 3 4 5 6 7 |  7.4
Spellcasting   | 4 5 7 8 |  8.8
Conjurations   | 4 5 7 8 |  8.8
Hexes          | 4 5 7 8 |  8.8
Summonings     | 4 5 7 8 |  8.8
Necromancy     | 4 5 7 8 |  8.8
Translocations | 4 5 7 8 |  8.8
Transmutations | 4 5 7 8 |  8.8
Fire Magic     | 4 5 7 8 |  8.8
Ice Magic      | 4 5 7 8 |  8.8
Air Magic      | 4 5 7 8 |  8.8
Earth Magic    | 4 5 7 8 |  8.8
Poison Magic   | 4 5 7 8 |  8.8
Dodging        | |  2.1
Stealth        | |  1.5

Action                     |  1- 3 |  4- 6 |  7- 9 | 10-12 || total
---------------------------+-------+-------+-------+-------++-------
  Melee: Unarmed           |     9 |       |       |       ||     9
         Staff             |       |     1 |     7 |     9 ||    17
   Cast: Freeze            |    31 |       |     5 |    25 ||    61
         Shock             |    27 |   115 |   215 |   206 ||   563
         Momentum Strike   |       |       |     2 |       ||     2
         Poisonous Vapours |       |       |    17 |     6 ||    23
         Frozen Ramparts   |       |       |     2 |     8 ||    10
         Ozocubu's Armour  |       |       |     1 |     5 ||     6
         Summon Ice Beast  |       |       |     7 |     6 ||    13
         Summon Guardian G |       |       |     2 |       ||     2
         Metabolic Englaci |       |       |       |    10 ||    10
 Invoke: Heal Self         |       |       |     2 |       ||     2
         Recite            |       |       |       |     8 ||     8
    Use: Potion            |       |       |       |     2 ||     2
 Armour: Robe              |     7 |     9 |    32 |       ||    48
         Skin              |       |       |    17 |     7 ||    24
         Steam dragon scal |       |       |       |    71 ||    71
  Dodge: Dodged            |    25 |    22 |   140 |   136 ||   323

Table legend: (Time is in decaauts)
 A = Elapsed time spent in this place.
 B = Non-inter-level travel time spent in this place.
 C = Inter-level travel time spent in this place.
 D = Time resting spent in this place.
 E = Time spent auto-exploring this place.
 F = Levels seen in this place.
 G = Mean time per level.
                   A        B        C        D        E       F      G
               +--------+--------+--------+--------+--------+-----+--------+
         Total |   8571 |   7914 |    657 |    646 |   5523 |  11 |  779.2 |
       Dungeon |   8505 |   7849 |    656 |    646 |   5523 |   9 |  945.0 |
        Temple |     35 |     35 |      0 |      0 |      0 |   1 |   35.0 |
  Orcish Mines |     30 |     30 |      0 |      0 |      0 |   1 |   30.0 |
               +--------+--------+--------+--------+--------+-----+--------+

Top non-repeatable levels by time:
     D:8: 1431 daAuts
     D:7: 1331 daAuts
     D:6: 1082 daAuts
     D:2: 1002 daAuts
     D:5: 935 daAuts
     D:4: 895 daAuts
     D:1: 695 daAuts
     D:9: 612 daAuts
     D:3: 520 daAuts
  Temple: 35 daAuts
   Orc:1: 30 daAuts
